 Dungeon Crawl Stone Soup version 0.31.0-11-ge490571c62 (webtiles) character file.

Game seed: 67987913880810586

11137 Rassilon the Grappler (level 11, -6/89 HPs)
             Began as a Demonspawn Monk on Feb 10, 2024.
             Was a High Priest of Wu Jian.
             Mangled by a yak (13 damage)
             ... on level 1 of the Lair of Beasts.
             The game lasted 00:41:26 (9031 turns).

Rassilon the Grappler (Demonspawn Monk)             Turns: 9031, Time: 00:41:27

Health: -6/89      AC: 15    Str: 23    XL:     11   Next: 45%
Magic:  11/11      EV: 13    Int: 10    God:    Wu Jian [*****.]
Gold:   1323       SH:  5    Dex: 15    Spells: 10/10 levels left

rFire   + .          .
                       - Unarmed
rCold   + . .        (no shield)
rNeg    + . .        o - +0 acid dragon scales
rPois   .            a - +1 helmet {SInv}
rElec   .            j - scarf {rC+ rF+}
rCorr   +            n - +0 pair of gloves
SInv    +            H - +0 pair of boots
Will    .....        D - amulet of reflection
Stlth   +            y - ring of positive energy
HPRegen 0.34/turn    G - +6 ring of strength
MPRegen 0.12/turn

%: reflection
@: on berserk cooldown, attractive, slowed, very slow
A: yellow scales 2, foul stench 1, spiny 2, demonic touch 1
a: Renounce Religion, Wall Jump, Serpent's Lash, Heavenly Storm


You were on level 1 of the Lair of Beasts.
You worshipped Wu Jian.
Wu Jian was extremely pleased with you.
You visited 3 branches of the dungeon, and saw 12 of its levels.
You also visited: Ossuary.

You collected 1605 gold pieces.
You spent 282 gold pieces at shops.

Inventory:

Missiles
 k - 19 boomerangs (quivered)
 L - 2 curare-tipped darts
Armour
 a - a +1 helmet of see invisible (worn)
 j - a scarf of resistance (worn)
 n - a +0 pair of gloves (worn)
 o - +0 acid dragon scales (worn)
 H - a +0 pair of boots (worn)
Jewellery
 y - a ring of positive energy (left hand)
 D - an amulet of reflection (around neck)
 G - a +6 ring of strength (right hand)
Wands
 q - a wand of mindburst (13)
 A - a wand of iceblast (10)
 B - a wand of paralysis (16)
 K - a wand of flame (5)
Scrolls
 c - 2 scrolls of poison
 h - a scroll of immolation
 m - 2 scrolls of teleportation
 p - 2 scrolls of blinking {unknown}
 u - 3 scrolls of brand weapon {unknown}
 w - a scroll of vulnerability {unknown}
 x - 2 scrolls of revelation {unknown}
 C - a scroll of silence {unknown}
Potions
 d - 5 potions of brilliance
 e - 2 potions of might
 f - a potion of lignification
 g - 3 potions of magic
 l - a potion of mutation
 r - a potion of resistance
 t - a potion of attraction
 v - 2 potions of enlightenment {unknown}
 z - a potion of cancellation {unknown}
 E - a potion of heal wounds {unknown}
 J - 3 potions of invisibility {unknown}


   Skills:
 + Level 9.1 Fighting
 - Level 5.0 Throwing
 + Level 7.0 Armour
 - Level 4.0 Dodging
 * Level 11.4 Unarmed Combat
 + Level 3.9 Evocations


You had 10 spell levels left.
You didn't know any spells.
Your spell library contained the following spells:

 Spells                   Type           Power      Damage    Failure   Level
 Inner Flame              Hex/Fire       0%         N/A       80%         3
 Irradiate                Conj/Alch      0%         3d11      100%        5
 Ignition                 Fire           0%         3d3       100%        8


Dungeon Overview and Level Annotations

Branches:
Dungeon (10/15)            Temple (1/1) D:4            Lair (1/5) D:8
Ossuary (visited)
    Orc: D:9-12

Altars:
Ashenzari
Cheibriados
Dithmenos
Fedhas
Gozag
Hepliaklqana
Kikubaaqudgha
Makhleb
Nemelex Xobeh
Okawaru
Qazlal
Ru
Sif Muna
Trog
Uskayaw
Vehumet
Wu Jian
Xom
Yredelemnul

Shops:
D:1 *

Portals:
Abyss: D:4

Annotations:
D:4 2 transporters, TheBioAlchemist's ghost, amateur FoFi


Innate Abilities, Weirdness & Mutations

You are mostly covered in yellow scales. (AC +3)
You may rarely emit foul miasma when damaged in melee.
You are mostly covered in sharp spines.
Your touch may inflict minor irresistible damage on your foes.


Message History

The yak is attracted toward you.
You punch the yak!
You touch the yak!
The yak is severely wounded.
The yak is struck by your spines. The yak completely misses you.
You pummel the yak!!
You kill the yak!
The Council accepts your kill. The yak is attracted toward you.
You completely miss the yak. The yak gores you but does no damage.
The yak is struck by your spines. The yak closely misses you.
You pummel the yak!!
You touch the yak.
You kill the yak!
The Council accepts your kill.
You punch the yak!
The yak is heavily wounded.
The yak barely misses you.
You hit the yak but do no damage.
The yak is heavily wounded.
You closely miss the yak. You punch the yak!
You kill the yak!
The Council accepts your kill.
A yak comes into view.
The yak bellows!
The yak is attracted toward you.
You see here a yak corpse.
You feel a strong urge to attack something.
You are no longer berserk.
You are exhausted.
You feel yourself slow down. The yak is attracted toward you.
Things that are here:
a yak corpse; a wolf corpse A yak comes into view.
The yak is attracted toward you.
The yak bellows!
You hit the yak but do no damage.
You hear a bellow!
The yak gores you.
* * * LOW HITPOINT WARNING * * *
You feel better. The yak is struck by your spines. The yak gores you!
You die...

...........#.##.....##
.#.......(............#
...........###..###.#.#
...........##..## ...
...÷.......##..# .#..
...........###.### .# ####
...............#.##.#....§
##.............†.#.....#
#..........#.#†@YY....#
###.####...####..†#.#...#
.....# #..## ##....#.....
.##### ##.# ## #.#.....###
.#######..##. ......>....
............).......##.##
.#####P## #.####..##.P.#
.### #.)....## .. #
.#.########.##...##.#.#


You could see 2 yaks.

Vanquished Creatures
  Joseph (D:9)
  2 black mambas (Lair:1)
  2 cane toads (Lair:1)
  A rime drake (Lair:1)
  3 komodo dragons (Lair:1)
  Psyche (D:9)
  A troll (D:9)
  A polar bear (Lair:1)
  Prince Ribbit (D:9)
  Grinder (D:5)
  A wyvern (D:8)
  12 yaks
  2 basilisks (Lair:1)
  2 acid dragons (D:9)
  5 water moccasins (D:8)
  A sky beast (D:7)
  3 black bears
  2 orc warriors
  An ice beast (D:8)
  2 ogres (D:6)
  A centaur (D:9)
  4 wolves (Lair:1)
  3 phantoms
  4 kobold brigands
  10 bullfrogs
  An elf skeleton (D:5)
  2 scorpions
  A burial acolyte (Ossuary)
  6 killer bees (D:9)
  2 howler monkeys
  An electric eel (D:10)
  3 centaur zombies (Ossuary)
  2 bombardier beetles
  3 gnoll boudas
  A human zombie (Ossuary)
  4 orc priests
  5 hounds
  A human skeleton (D:5)
  5 iguanas
  7 orc wizards
  A sleepcap (D:6)
  Natasha (twice) (D:4)
  A crocodile zombie (Ossuary)
  3 hound zombies (Ossuary)
  3 mummies (Ossuary)
  12 gnolls
  7 adders
  2 shadow imps
  2 white imps (D:6)
  3 adder zombies (Ossuary)
  2 ribbon worms
  2 dart slugs
  22 orcs
  3 ball pythons
  4 bats (D:2)
  3 endoplasms
  6 giant cockroaches
  8 hobgoblins
  7 jackals
  22 kobolds
  A quokka (D:3)
  4 ball python zombies (Ossuary)
  2 frilled lizards
  5 goblins
  7 jackal zombies (Ossuary)
  5 kobold zombies (Ossuary)
  6 orc zombies
  4 rats (D:3)
260 creatures vanquished.

Vanquished Creatures (others)
  Erolcha (D:9)
1 creature vanquished.

Grand Total: 261 creatures vanquished

Notes
Turn   | Place    | Note
-------+----------+-------------------------------------------
     0 | D:1      | Rassilon the Demonspawn Monk began the quest for the Orb.
     0 | D:1      | Reached XP level 1. HP: 18/18 MP: 1/1
    64 | D:1      | Found a faded altar of an unknown god.
   169 | D:1      | Gained mutation: Your touch may inflict minor irresistible
                  | damage on your foes. [demonic ancestry]
   169 | D:1      | Reached XP level 2. HP: 16/24 MP: 2/2
   284 | D:1      | Reached skill level 3 in Unarmed Combat
   536 | D:1      | Found Pusm's General Store.
   660 | D:2      | Gained mutation: You are partially covered in yellow
                  | scales. (AC +2) [demonic ancestry]
   660 | D:2      | Reached XP level 3. HP: 29/29 MP: 3/3
  1584 | D:3      | Gained mutation: You are partially covered in sharp spines.
                  | [demonic ancestry]
  1584 | D:3      | Reached XP level 4. HP: 34/35 MP: 4/4
  1632 | D:3      | Found a shadowy altar of Dithmenos.
  2106 | D:3      | Identified a scroll of acquirement
  2106 | D:3      | Acquired 1018 gold pieces
  2183 | D:1      | Bought a +1 helmet of see invisible for 198 gold pieces
  2183 | D:1      | Bought a potion of might for 48 gold pieces
  2183 | D:1      | Bought a potion of curing for 36 gold pieces
  2251 | D:4      | Found a transporter.
  2278 | D:4      | Found a staircase to the Ecumenical Temple.
  2285 | Temple   | Entered the Ecumenical Temple
  2291 | Temple   | Became a worshipper of the Wu Jian Council
  2291 | Temple   | Reached * piety under Wu Jian
  2291 | Temple   | Reached ** piety under Wu Jian
  2328 | D:4      | Reached skill level 4 in Unarmed Combat
  2448 | D:4      | Reached XP level 5. HP: 42/42 MP: 5/5
  2547 | D:4      | Found an ancient bone altar of Kikubaaqudgha.
  2547 | D:4      | Found a bloodstained altar of Trog.
  2700 | D:4      | Noticed Natasha
  2705 | D:4      | Killed Natasha
  2706 | D:4      | Reached XP level 6. HP: 43/48 MP: 6/6
  2735 | D:4      | Reached skill level 5 in Unarmed Combat
  2803 | D:4      | Found a transporter.
  2849 | D:4      | Noticed TheBioAlchemist's ghost (amateur FoFi)
  2850 | D:4      | Found a one-way gate to the infinite horrors of the Abyss.
  2851 | D:4      | Noticed an ancient zyme
  2965 | D:4      | Noticed Natasha
  2971 | D:4      | Killed Natasha
  3065 | D:4      | Noticed a small abomination
  3126 | D:5      | Entered Level 5 of the Dungeon
  3150 | D:5      | Reached skill level 1 in Armour
  3204 | D:5      | Gained mutation: You are mostly covered in sharp spines.
                  | [demonic ancestry]
  3204 | D:5      | Reached XP level 7. HP: 55/55 MP: 7/7
  3301 | D:5      | Found a sand-covered staircase.
  3306 | Ossuary  | Entered an ossuary
  3334 | Ossuary  | Reached *** piety under Wu Jian
  3347 | Ossuary  | Reached skill level 5 in Fighting
  3348 | Ossuary  | Reached skill level 6 in Unarmed Combat
  3684 | D:5      | Found an iron altar of Okawaru.
  3685 | D:5      | Found a broken altar of Ashenzari.
  3700 | D:5      | Found a shimmering altar of Xom.
  3702 | D:5      | Found a snail-covered altar of Cheibriados.
  3702 | D:5      | Found a hazy altar of Hepliaklqana.
  3703 | D:5      | Found a stormy altar of Qazlal.
  3940 | D:5      | Gained mutation: You may rarely emit foul miasma when
                  | damaged in melee. [demonic ancestry]
  3940 | D:5      | Reached XP level 8. HP: 41/63 MP: 8/8
  4025 | D:5      | Noticed Grinder
  4033 | D:5      | Killed Grinder
  4034 | D:5      | Reached skill level 1 in Throwing
  4034 | D:5      | Reached skill level 7 in Unarmed Combat
  5641 | D:7      | Reached XP level 9. HP: 71/71 MP: 9/9
  5800 | D:7      | Reached skill level 8 in Unarmed Combat
  5802 | D:7      | Reached **** piety under Wu Jian
  6048 | D:7      | Found a blossoming altar of Fedhas.
  6760 | D:8      | Found a staircase to the Lair.
  6774 | D:8      | Reached skill level 9 in Unarmed Combat
  6848 | D:8      | Reached skill level 5 in Armour
  7560 | D:9      | Gained mutation: You are mostly covered in yellow scales.
                  | (AC +3) [demonic ancestry]
  7560 | D:9      | Reached XP level 10. HP: 65/79 MP: 10/10
  7603 | D:9      | Noticed Erolcha
  7614 | D:9      | Killed Erolcha
  7673 | D:9      | Reached ***** piety under Wu Jian
  7733 | D:9      | Noticed Prince Ribbit
  7745 | D:9      | Noticed Psyche
  7748 | D:9      | Killed Prince Ribbit
  7757 | D:9      | Killed Psyche
  7827 | D:9      | Noticed Joseph
  7840 | D:9      | Killed Joseph
  7841 | D:9      | Reached skill level 5 in Throwing
  7841 | D:9      | Reached skill level 10 in Unarmed Combat
  8248 | D:10     | Entered Level 10 of the Dungeon
  8281 | D:10     | Reached skill level 1 in Evocations
  8554 | Lair:1   | Entered Level 1 of the Lair of Beasts
  8599 | Lair:1   | Reached XP level 11. HP: 83/87 MP: 11/11
  8802 | Lair:1   | Reached skill level 11 in Unarmed Combat
  9017 | Lair:1   | HP: 3/133 [komodo dragon (9)]
  9030 | Lair:1   | HP: 1/89 [yak (4)]
  9031 | Lair:1   | Mangled by a yak

Illustrated notes

Levels and vault maps discovered:
D:1:      tekkud_arrival_beachfront_property, layout_basic, serial_shops, shop,
          basic_ecumenical_altar
D:2:      layout_basic, basic_altar
D:3:      layout_loops_cross, nicolae_dithmenos_the_darkroom
D:4:      layout_loops_ring, gammafunk_temple_overflow_wave,
          minmay_temple_entry_mist, gammafunk_ghost_abyssal_escape, uniq_natasha
D:5:      layout_layer_cave, grunt_temple_overflow_open,
          nicolae_ossuary_entry_catacombs, uniq_grinder
D:6:      layout_gridville
D:7:      layout_loops_corners, fedhas_altar_4
D:8:      layout_basic, due_lair_maze_entry_diamond
D:9:      layout_roguey, uniq_joseph, uniq_erolcha, uniq_prince_ribbit1,
          uniq_psyche
D:10:     layout_cave_pools, serial_bayou_ford_a, kb_lookout_dungeons_type,
          minmay_unpleasant_kobolds
Temple:   hellmonk_temple_two_chambers
Lair:1:   layout_loops_ring, basic_altar, lemuel_altar_in_water2

Skill      XL: |  1  2  3  4  5  6  7  8  9 10 11 |
---------------+----------------------------------+-----
Unarmed Combat | 3 4 5 6 7 9 10 11 | 11.4
Dodging        | 3 4 |  4.0
Fighting       | 4 5 6 7 8 9 |  9.1
Armour         | 1 2 3 5 6 7 |  7.0
Throwing       | 2 4 5 |  5.0
Evocations     | 2 3 |  3.9

Action                     |  1- 3 |  4- 6 |  7- 9 | 10-12 || total
---------------------------+-------+-------+-------+-------++-------
  Melee: Unarmed           |    87 |   109 |   300 |   201 ||   697
         Touch             |    15 |    20 |    53 |    42 ||   130
         Punch             |       |       |    14 |    12 ||    26
  Throw: Boomerang         |       |       |     7 |       ||     7
Ability: Lunge             |       |    13 |    34 |    15 ||    62
         Wall Jump         |       |     1 |    12 |     5 ||    18
         Whirlwind         |       |       |    10 |    26 ||    36
    Use: Scroll            |       |     9 |     4 |     1 ||    14
         Potion            |       |       |     2 |     6 ||     8
   Stab: Sleeping          |     3 |       |       |       ||     3
 Armour: Robe              |    30 |       |       |       ||    30
         Ring mail         |     4 |    50 |    44 |       ||    98
         Scale mail        |       |       |    97 |    35 ||   132
         Acid dragon scale |       |       |       |    78 ||    78
  Dodge: Dodged            |    52 |    51 |    90 |   101 ||   294
  Block: Other             |       |       |       |     8 ||     8
